 Dungeon Crawl Stone Soup version 0.25.0-37-gb73750e0fb (webtiles) character file.

Game seed: 1776858913393922839

124 ANON1729 the Skirmisher (level 5, -6/37 HPs)
             Began as an Octopode Fighter on July 8, 2020.
             Killed from afar by an orc wizard (7 damage)
             ... with a magic dart
             ... on level 4 of the Dungeon.
             The game lasted 00:03:40 (3267 turns).

ANON1729 the Skirmisher (Octopode Fighter)          Turns: 3267, Time: 00:03:40

Health: -6/37      AC:  1    Str: 16    XL:     5   Next: 8%
Magic:  5/5        EV: 12    Int: 10    God:
Gold:   210        SH:  9    Dex: 12    Spells: 4/4 levels left

rFire    . . .     SeeInvis .     - Unarmed
rCold    . . .     Gourm    .   a - +0 kite shield
rNeg     . . .     Faith    .   (helmet restricted)
rPois    +         Spirit   .   u - amulet of the acrobat
rElec    .         Reflect  .   f - ring of poison resistance
rCorr    .         Harm     .   n - ring of teleportation (curse)
MR       .....     Rnd*Tele +   (no ring)
Stlth    ++........             (no ring)
HPRegen  0.12/turn              (no ring)
MPRegen  0.09/turn              (no ring)
                                (no ring)
                                (no ring)

@: mighty
A: almost no armour, stealthy swim, amphibious, 8 rings, constrict 8, camouflage
1, gelatinous body 1
a: no special abilities


You were on level 4 of the Dungeon.
You were very hungry.

You visited 1 branch of the dungeon, and saw 4 of its levels.

You collected 232 gold pieces.
You spent 22 gold pieces at shops.

Inventory:

Missiles
 o - 3 javelins (quivered)
Armour
 a - a +0 kite shield (worn)
Jewellery
 f - a ring of poison resistance (left tentacle)
 n - a cursed ring of teleportation (right tentacle)
 u - an amulet of the acrobat (around mantle)
Scrolls
 d - a scroll of fog
 e - a scroll of teleportation
 h - 2 scrolls of remove curse
 j - 2 scrolls of immolation
 k - a scroll of amnesia
 l - a scroll of fear
 p - a scroll of blinking {unknown}
 q - 3 scrolls of enchant armour {unknown}
Potions
 g - a potion of resistance {unknown}
 i - 2 potions of brilliance {unknown}
 m - a potion of haste {unknown}
 r - 2 potions of curing {unknown}
 s - 2 potions of stabbing {unknown}
 t - a potion of ambrosia {unknown}
 v - a potion of heal wounds {unknown}
 w - a potion of berserk rage {unknown}
Comestibles
 c - 6 rations


   Skills:
 + Level 3.8 Fighting
 + Level 3.8 Dodging
 + Level 3.8 Shields
 + Level 3.0 Unarmed Combat


You had 4 spell levels left.
You didn't know any spells.
Your spell library was empty.

Dungeon Overview and Level Annotations

Branches:
Dungeon (4/15)
 Temple: D:4-7

Altars:
Cheibriados
Gozag

Shops:
D:4 *


Innate Abilities, Weirdness & Mutations

You cannot wear most types of armour.
You are very stealthy in the water. (Stealth+)
You are amphibious.
You can wear up to eight rings at the same time.
You can use your tentacles to constrict eight enemies at once.
Your skin changes colour to match your surroundings (Stealth+).
Your rubbery body absorbs attacks. (AC +1, EV +1)


Message History

The orc wizard is heavily wounded.
The orc wizard barely misses you.
The orc wizard hits you but does no damage.
The frilled lizard bites you. The orc wizard casts a spell at you.
The magic dart hits you.
* * * LOW HITPOINT WARNING * * *
You feel very mighty all of a sudden.
The frilled lizard bites you but does no damage.
You barely miss the orc wizard. You grab the orc wizard.
The orc wizard is heavily wounded.
You constrict the orc wizard, but do no damage.
The orc wizard points at you and mumbles some strange words.
The magic dart hits you!
* * * LOW HITPOINT WARNING * * *
The frilled lizard bites you.
* * * LOW HITPOINT WARNING * * *
The orc wizard gestures at you while chanting.
The magic dart hits you!
You die...

# ######.# #
....#.#### #
##.......#
####........#
.
...........#
#
##.........#
#
...wo......#
# #.#lo.....#
#@oo....#
#########


You could see a worm, 2 orc wizards, 2 orcs and a frilled lizard.

Vanquished Creatures
  A worker ant (D:4)
  5 adders
  A worm (D:2)
  A dart slug (D:3)
  3 leopard geckos
  4 orcs
  A ball python (D:3)
  4 bats
  5 giant cockroaches
  A goblin (D:1)
  4 hobgoblins
  7 kobolds
  3 frilled lizards
  5 rats
45 creatures vanquished.

Notes
Turn   | Place    | Note
-------+----------+-------------------------------------------
     0 | D:1      | ANON1729 the Octopode Fighter began the quest for the Orb.
     0 | D:1      | Reached XP level 1. HP: 16/16 MP: 1/1
   272 | D:1      | Reached XP level 2. HP: 21/21 MP: 2/2
   602 | D:2      | Reached XP level 3. HP: 20/26 MP: 3/3
  1546 | D:2      | Reached XP level 4. HP: 29/31 MP: 4/4
  1837 | D:3      | Found an opulent altar of Gozag.
  2077 | D:3      | Found a snail-covered altar of Cheibriados.
  3088 | D:4      | Found Motiqagg's General Store.
  3096 | D:4      | Bought a scroll of fog for 22 gold pieces
  3243 | D:4      | Reached XP level 5. HP: 21/37 MP: 5/5
  3267 | D:4      | HP: 1/37 [frilled lizard (1)]
  3267 | D:4      | Killed from afar by an orc wizard

Illustrated notes

Levels and vault maps discovered:
D:1:      roderic_crossed_star, layout_rooms
D:2:      layout_basic, minmay_circle_x
D:3:      layout_basic, cheibriados_altar_1, grunt_gozag_breadcrumbs,
          first_ration, grunt_decor_arrowhead, chequers_hall_statues_y
D:4:      layout_loops_corners, led_sif_pool, serial_shops, shop,
          nicolae_shop_trees, shop, nrook_mini_vaults, supply_closet_lemuel,
          kennysheep_small_circle

Skill      XL: |  1  2  3  4 |
---------------+-------------+-----
Unarmed Combat | 3 |  3.0
Fighting       | |  3.8
Dodging        | |  3.8
Shields        | |  3.8

Action                   |  1- 3 |  4- 6 || total
-------------------------+-------+-------++-------
Melee: Unarmed           |    63 |    48 ||   111
       Constrict         |    11 |    13 ||    24
       Tentacles         |    12 |    11 ||    23
       Punch             |     1 |       ||     1
  Use: Scroll            |       |     6 ||     6
       Potion            |       |     1 ||     1
 Stab: Sleeping          |     9 |     3 ||    12
  Eat: Chunk             |     2 |     4 ||     6
Armor: Skin              |     5 |     5 ||    10
Dodge: Dodged            |    35 |    24 ||    59
Block: Kite shield       |    20 |    20 ||    40
